AoeStats
← PSX | Eman

African Clearing

510909220Analyzed
4v4 RM · 15h ago on Oct 3, 2026· 38m 25s· 8 players
Game mode
Random Map
Map size
Large (8 player)
Population
200
Speed
Normal
Resources
Standard
Victory
Conquest
Starting age
Dark Age
Ending age
Imperial Age
RankedLock teamsTeams togetherTeam positionsShared explorationLock speedFull tech treeHidden civsTurbo modeCheats
Victory
Defeat
🇦🇷 Mongols · Argentina
1334
+13
🇦🇷 Vietnamese · Argentina
1314
+13
🇪🇸 Hindustanis · Spain
1266
+15
🇦🇷 Cumans · Argentina
1223
+17
🇪🇨 Huns · Ecuador
1343
-19
🇧🇷 Magyars · Brazil
1248
-14
🇨🇱 Jurchens · Chile
1222
-13
🇨🇴 Khitans · Colombia
1196
-12
lucasmauriciogona
3:45 Loom
13:49 Feudal Age
17:57 Castle Age
16:20 Double-Bit Axe
16:31 Stone Mining
17:36 Gold Mining
17:31 Horse Collar
27:11 Scale Barding Armor
28:19 Forging
30:21 Chain Barding Armor
30:30 Bow Saw
32:06 Wheelbarrow
32:46 Iron Casting
nborgesfilho
5:40 Loom
15:25 Feudal Age
22:01 Castle Age
26:30 Wheelbarrow
MZTK | John_Wick
5:53 Loom
13:30 Feudal Age
14:25 Town Watch
15:21 Double-Bit Axe
15:48 Forging
15:45 Scale Barding Armor
20:57 Domestication
26:54 Castle Age
28:13 Iron Casting
26:59 Light Cavalry
28:35 Chain Barding Armor
31:17 Scale Mail Armor
MANITAS DE TEMU
5:08 Loom
13:44 Feudal Age
14:23 Double-Bit Axe
14:26 Town Watch
15:37 Horse Collar
18:33 Forging
18:29 Scale Barding Armor
21:50 Fletching
26:03 Castle Age
25:17 Padded Archer Armor
26:17 Elite Skirmisher
27:35 Bodkin Arrow
36:04 Ballistics
PSX | Eman
13:14 Loom
15:46 Feudal Age
19:34 Castle Age
17:30 Double-Bit Axe
17:36 Stone Mining
18:36 Horse Collar
25:07 Fletching
26:24 Bow Saw
25:55 Horse Collar
29:31 Bodkin Arrow
31:02 Padded Archer Armor
33:47 Ballistics
36:30 Heavy Plow
36:50 Gold Mining
37:42 Wheelbarrow
36:53 Town Watch
cristiandk22
5:00 Loom
12:54 Feudal Age
16:45 Castle Age
15:03 Fletching
15:16 Double-Bit Axe
17:33 Bodkin Arrow
17:54 Bow Saw
21:13 Padded Archer Armor
29:28 Leather Archer Armor
31:09 Gold Mining
PSX | DP11A
12:21 Feudal Age
12:45 Feudal Age
13:48 Double-Bit Axe
22:01 Loom
25:11 Castle Age
23:45 Scale Barding Armor
23:50 Forging
25:03 Forging
24:52 Horse Collar
25:26 Bloodlines
25:57 Light Cavalry
28:09 Chain Barding Armor
32:27 Iron Casting
38:00 Wheelbarrow
PSX | Acido
11:07 Loom
13:29 Feudal Age
19:06 Castle Age
17:43 Double-Bit Axe
18:14 Horse Collar
23:30 Scale Barding Armor
24:00 Bloodlines
29:22 Wheelbarrow
29:37 Bow Saw
35:39 Husbandry
36:06 Chain Barding Armor
36:26 Forging
38:31 Hand Cart
Connection lost

Rejoining the realm…

Still unreachable

The connection could not be restored.

Session expired

The server has moved on; the page needs a fresh start.